 Dungeon Crawl Stone Soup version 0.25-a0-632-g7713895 (webtiles) character file.

Game seed: 7939999421535388814, levelgen mode: deterministic

963 BlueFish the Covert (level 8, -4/51 HPs)
             Began as an Octopode Assassin on Mar 19, 2020.
             Was an Initiate of Dithmenos.
             Slain by a hornet (8 damage)
             ... on level 7 of the Dungeon.
             The game lasted 00:13:42 (5639 turns).

BlueFish the Covert (Octopode Assassin)             Turns: 5639, Time: 00:13:43

Health: -4/51      AC:  1    Str: 10    XL:     8   Next: 15%
Magic:  0/8        EV: 14    Int: 14    God:    Dithmenos [......]
Gold:   336        SH:  0    Dex: 15    Spells: 7/7 levels left

rFire    + . .     SeeInvis .   o - +1 rapier (elec)
rCold    . . .     Gourm    .   (no shield)
rNeg     . . .     Faith    .   (helmet restricted)
rPois    .         Spirit   +   A - amulet of guardian spirit
rElec    .         Reflect  .   k - ring of protection from fire
rCorr    .         Harm     .   (no ring)
MR       .....                  (no ring)
Stlth    +++++.....             (no ring)
HPRegen  0.17/turn              (no ring)
MPRegen  0.11/turn              (no ring)
                                (no ring)
                                (no ring)

@: lethally poisoned (-4 -> -16), invisible
A: almost no armour, stealthy swim, amphibious, 8 rings, constrict 8, camouflage
1, gelatinous body 1
a: Renounce Religion


You were on level 7 of the Dungeon.
You worshipped Dithmenos.
Dithmenos was noncommittal.
You were hungry.

You visited 2 branches of the dungeon, and saw 8 of its levels.

You collected 336 gold pieces.

Inventory:

Hand Weapons
 a - a +2 dagger
 o - a +1 rapier of electrocution (weapon)
Missiles
 b - 8 poisoned darts (quivered)
 c - 2 curare-tipped darts
 y - a throwing net
Jewellery
 k - a ring of protection from fire (left tentacle)
 w - an uncursed amulet of rage
 A - an amulet of guardian spirit (around mantle)
Wands
 x - a wand of random effects (11)
Scrolls
 e - 5 scrolls of remove curse
 f - 2 scrolls of magic mapping
 j - 5 scrolls of teleportation
 q - a scroll of immolation
 r - 3 scrolls of identify
 t - a scroll of fog
 u - 2 scrolls of enchant weapon
Potions
 g - 3 potions of mutation
 h - a potion of stabbing
 i - a potion of berserk rage
 l - 2 potions of brilliance
 m - 2 potions of might
 s - 3 potions of flight
Comestibles
 d - 16 rations


   Skills:
 + Level 2.5 Fighting
 * Level 5.6 Short Blades
 * Level 3.8 Throwing
 * Level 2.8 Dodging
 * Level 9.5 Stealth
 * Level 1.0 Invocations


You had 7 spell levels left.
You didn't know any spells.
Your spell library contained the following spells:

 Spells                   Type           Power        Failure   Level  Hunger
 Beastly Appendage        Tmut           #.....       28%         1    ##.....
 Sticks to Snakes         Tmut           #.......     41%         2    ###....
 Spider Form              Tmut/Pois      #.........   65%         3    ####...
 Ice Form                 Ice/Tmut       #.......     96%         4    #####..
 Blade Hands              Tmut           #.........   100%        5    ######.


Dungeon Overview and Level Annotations

Branches:
Dungeon (7/15)             Temple (1/1) D:6

Altars:
Ashenzari
Cheibriados
Dithmenos
Elyvilon
Fedhas
Gozag
Hepliaklqana
Kikubaaqudgha
Makhleb
Nemelex Xobeh
Okawaru
Qazlal
Ru
Sif Muna
Trog
Uskayaw
Vehumet
Wu Jian
Xom
Yredelemnul
Zin
The Shining One

Shops:
D:5 *

Annotations:
D:6 exclusion: statue


Innate Abilities, Weirdness & Mutations

You cannot wear most types of armour.
You are very stealthy in the water. (Stealth+)
You are amphibious.
You can wear up to eight rings at the same time.
You can use your tentacles to constrict eight enemies at once.
Your skin changes colour to match your surroundings (Stealth+).
Your rubbery body absorbs attacks. (AC +1, EV +1)


Message History

* * * LOW HITPOINT WARNING * * *
You feel sick.
The hornet stings you but does no damage. x2
You miss the hornet.
The hornet is moderately wounded.
You feel sick.
The hornet stings you but does no damage.
The hornet stings you.
* * * LOW HITPOINT WARNING * * *
It was a potion of cancellation.
Your magical effects are unravelling.
You feel magically purged.
You feel less wooden.
You feel yourself speed up.
* * * LOW HITPOINT WARNING * * *
You feel sick. The hornet barely misses you. x2
The hornet closely misses you.
You fade into invisibility!
* * * LOW HITPOINT WARNING * * *
You feel sick. The hornet stings you!
You die...

....# ###....# .
..#....#
..#########......
#...............
#F?(.........#
#........>..^## .#
........y@....# .#
###########...# .#
#####...####.#####
........#.........
........#.........
...................
#########.#.#+####
#.#...# #.....#


You could see a hornet.

Vanquished Creatures
  Eustachio (D:5)
  A black bear (D:6)
  An ogre (D:6)
  A water moccasin skeleton (D:6)
  2 crimson imps (D:6)
  A bullfrog zombie (D:5)
  An orc priest (D:4)
  A bullfrog skeleton (D:5)
  An orc wizard (D:6)
  2 centaur skeletons
  3 iguanas (D:4)
  Natasha (thrice) (D:3)
  3 worker ants (D:4)
  5 adders
  A shadow imp (D:7)
  An adder skeleton (D:4)
  3 worms
  2 dart slugs
  2 leopard geckos
  8 orcs
  6 bats
  4 giant cockroaches
  8 hobgoblins
  2 jackals (D:6)
  6 kobolds
  A quokka (D:3)
  A ball python zombie (D:5)
  4 frilled lizards
  7 goblins
  8 rats
90 creatures vanquished.

Notes
Turn   | Place    | Note
-------+----------+-------------------------------------------
     0 | D:1      | BlueFish the Octopode Assassin began the quest for the Orb.
     0 | D:1      | Reached XP level 1. HP: 14/14 MP: 1/1
   197 | D:1      | Reached XP level 2. HP: 19/19 MP: 2/2
   817 | D:1      | Reached skill level 6 in Stealth
   899 | D:2      | Reached XP level 3. HP: 24/24 MP: 3/3
  1049 | D:2      | Reached XP level 4. HP: 19/29 MP: 4/4
  1125 | D:2      | Found a blossoming altar of Fedhas.
  1260 | D:2      | Found a hide-covered altar of Uskayaw.
  1340 | D:2      | Reached skill level 7 in Stealth
  1652 | D:3      | Found a snail-covered altar of Cheibriados.
  1673 | D:3      | Noticed Natasha
  1676 | D:3      | Killed Natasha
  1722 | D:3      | Found an ancient bone altar of Kikubaaqudgha.
  1815 | D:3      | Found a stormy altar of Qazlal.
  2068 | D:3      | Found a faded altar of an unknown god.
  2165 | D:3      | Noticed Natasha
  2193 | D:3      | Killed Natasha
  2193 | D:3      | Reached XP level 5. HP: 22/34 MP: 5/5
  2233 | D:3      | Noticed Natasha
  2239 | D:3      | Killed Natasha
  2515 | D:4      | Found a basalt altar of Yredelemnul.
  2517 | D:4      | Found a glowing silver altar of Zin.
  2531 | D:4      | Reached skill level 8 in Stealth
  2531 | D:4      | Reached XP level 6. HP: 39/39 MP: 6/6
  2938 | D:4      | Found a hazy altar of Hepliaklqana.
  3490 | D:4      | Found a shimmering altar of Xom.
  3497 | D:4      | Found a shattered altar of Ashenzari.
  3551 | D:5      | Entered Level 5 of the Dungeon
  3569 | D:5      | Noticed Eustachio
  3577 | D:5      | Killed Eustachio
  3577 | D:5      | Reached XP level 7. HP: 45/45 MP: 7/7
  3670 | D:5      | Reached skill level 9 in Stealth
  4000 | D:5      | Found Uppod's General Store.
  4401 | D:6      | Found an iron altar of Okawaru.
  4434 | D:6      | Found a staircase to the Ecumenical Temple.
  4445 | Temple   | Entered the Ecumenical Temple
  4451 | Temple   | Became a worshipper of Dithmenos the Shadowed
  4997 | D:6      | Found a radiant altar of Vehumet.
  5040 | D:6      | Reached skill level 5 in Short Blades
  5321 | D:6      | Reached XP level 8. HP: 51/51 MP: 8/8
  5386 | D:6      | Reached skill level 1 in Invocations
  5622 | D:7      | Noticed a hornet
  5639 | D:7      | Slain by a hornet

Levels and vault maps discovered:
D:1:      noname_arrival_rooms_in_the_neighbourhood, layout_basic
D:2:      layout_basic, old_standard_altar, eat_drink_and_be_merry_uskayaw
D:3:      layout_loops_ring, lemuel_doored_altar, grunt_qazlal_sundering,
          overflow_temple_1_default, chequers_ecumenical_altar_grove,
          first_ration, kennysheep_nondescript, uniq_natasha
D:4:      layout_basic, amethyst_overflow_temple_binary, lemuel_round_altar,
          chequers_temple_overflow_statue_of_worship, minivault_14
D:5:      layout_rooms, serial_shops, kennysheep_mini, uniq_eustachio
D:6:      layout_basic, vehumet_statue, minmay_temple_entry_water_ring,
          basic_altar
D:7:      layout_basic, cheibrodos_ashenzari_chains
Temple:   chequers_temple_sunken

Skill      XL: |  1  2  3  4  5  6  7  8 |
---------------+-------------------------+-----
Stealth        | 6 7 8 9 |  9.5
Short Blades   | 3 4 5 |  5.6
Dodging        | 2 |  2.8
Throwing       | 3 |  3.8
Invocations    | 1 |  1.0
Fighting       | |  2.5

Action                   |  1- 3 |  4- 6 |  7- 9 || total
-------------------------+-------+-------+-------++-------
Melee: Dagger            |    50 |     9 |       ||    59
       Constrict         |    14 |    19 |    12 ||    45
       Tentacles         |    11 |    11 |    15 ||    37
       Rapier            |       |    70 |    64 ||   134
  Use: Scroll            |       |    10 |     7 ||    17
       Potion            |       |       |     4 ||     4
 Stab: Sleeping          |     6 |    16 |     3 ||    25
       Distracted        |     1 |       |       ||     1
  Eat: Chunk             |       |     8 |     6 ||    14
Armor: Skin              |     1 |     5 |     8 ||    14
Dodge: Dodged            |    24 |    38 |    42 ||   104

Table legend:
 A = Non-vault XP
 B = Vault XP
 C = Vault XP percentage of total XP
 D = Non-vault monster count
 E = Vault monster count
 F = Vault count percentage of total count
                 A         B        C        D         E       F
            +---------+---------+-------+---------+---------+-------
      Total |    1156 |     221 |  16.0 |      88 |       2 |   2.2
            +---------+---------+-------+---------+---------+-------
        D:1 |      27 |       0 |   0.0 |      15 |       0 |   0.0
        D:2 |      76 |       0 |   0.0 |      21 |       0 |   0.0
        D:3 |      96 |      36 |  27.3 |      18 |       1 |   5.3
        D:4 |     282 |       0 |   0.0 |      14 |       0 |   0.0
        D:5 |      94 |     185 |  66.3 |       5 |       1 |  16.7
        D:6 |     527 |       0 |   0.0 |      13 |       0 |   0.0
        D:7 |      54 |       0 |   0.0 |       2 |       0 |   0.0
            +---------+---------+-------+---------+---------+-------
